 Dungeon Crawl Stone Soup version 0.31-a0-234-gad7ace16ef (webtiles) character file.

Game seed: 1003608575398365250

275 qw the Shooter (level 6, 0/38 HPs)
             Began as a Gargoyle Hexslinger on July 9, 2023.
             Slain by a gnoll
             ... wielding a +0 spear
              (2 damage)
             ... on level 4 of the Dungeon.
             The game lasted 00:01:03 (2812 turns).

qw the Shooter (Gargoyle Hexslinger)                Turns: 2812, Time: 00:01:03

Health: 0/38       AC:  9    Str: 11    XL:     6   Next: 25%
Magic:  7/7        EV: 10    Int: 14    God:
Gold:   91         SH:  0    Dex: 14    Spells: 6/7 levels left

rFire   . . .        Y - +3 sling
rCold   . . .        (no shield)
rNeg    + . .        e - +0 ring mail
rPois   inf          (no helmet)
rElec   +            (no cloak)
rCorr   .            (no gloves)
SInv    .            (no boots)
Will    .....        (no amulet)
Stlth   +            (no ring)
HPRegen 0.26/turn    (no ring)
MPRegen 0.10/turn

%: no passive effects
@: no status effects
A: sickness immunity, AC +4, negative energy resistance 1, electricity
resistance, torment resistance 1, petrification resistance
a: no special abilities


You were on level 4 of the Dungeon.
You visited 1 branch of the dungeon, and saw 4 of its levels.

You collected 115 gold pieces.
You spent 24 gold pieces at shops.


Innate Abilities, Weirdness & Mutations

You are immune to sickness and miasma.
Your stone body is resilient. (AC +4)
You are immune to poison.
You resist negative energy. (rN+)
You are resistant to electric shocks. (rElec)
You are resistant to unholy torment.
You are immune to petrification.


   Skills:
 - Level 3.8 Fighting
 + Level 5.2 Ranged Weapons
 - Level 1.0 Armour
 - Level 1.5 Dodging
 - Level 1.0 Spellcasting
 - Level 2.6 Hexes


You had 6 spell levels left.
You knew the following spells:

 Your Spells              Type           Power      Damage    Failure   Level
a - Slow                  Hex            32%        N/A       21%         1

Your spell library contained the following spells:

 Spells                   Type           Power      Damage    Failure   Level
 Inner Flame              Hex/Fire       4%         N/A       71%         3
 Portal Projectile        Hex/Tloc       8%         N/A       71%         3
 Cause Fear               Hex            4%         N/A       90%         4

Inventory:

Hand Weapons
 Y - a +3 sling (weapon)
Armour
 e - a +0 ring mail (worn)
 h - a +0 pair of boots
Scrolls
 c - 3 scrolls of identify
 f - a scroll of immolation {unknown}
Potions
 a - a potion of degeneration {unknown}
 b - 2 potions of curing {unknown}
 d - a potion of haste {unknown}
 g - a potion of attraction {unknown}

Dungeon Overview and Level Annotations

Branches:
Dungeon (4/15)
 Temple: D:4-7

Altars:

Shops:
D:1 :   D:4 !?=


Message History

You shoot a sling bullet. The sling bullet hits the sleepcap.
The sleepcap is almost destroyed.
The gnoll hits you but does no damage. The sleepcap barely misses you.
The gnoll hits you with a +0 whip.
The gnoll hits you from afar with a +0 spear.
The sleepcap releases spores at you. The gnoll barely misses you.
You shoot a sling bullet. The sling bullet hits the sleepcap.
You destroy the sleepcap!
The gnoll barely misses you. x2
You shoot a sling bullet. The sling bullet hits the gnoll.
The gnoll is lightly wounded.
The giant cockroach barely misses you.
The gnoll hits you from afar with a +0 spear.
The gnoll hits you but does no damage.
You shoot a sling bullet.
The sling bullet closely misses the gnoll.
The giant cockroach closely misses you.
The gnoll hits you from afar with a +0 spear.
The gnoll misses you. The giant cockroach barely misses you.
You shoot a sling bullet.
The sling bullet barely misses the gnoll.
The gnoll hits you from afar with a +0 spear.
The gnoll barely misses you. The giant cockroach closely misses you.
The gnoll misses you. The gnoll hits you but does no damage.
You shoot a sling bullet.
The sling bullet hits the gnoll but does no damage.
The gnoll is lightly wounded.
The giant cockroach bites you but does no damage. x2
The gnoll hits you from afar with a +0 spear.
The gnoll hits you but does no damage.
You shoot a sling bullet.
The sling bullet completely misses the gnoll.
The giant cockroach bites you but does no damage.
The gnoll hits you from afar with a +0 spear.
The gnoll closely misses you. The giant cockroach bites you.
You shoot a sling bullet.
The sling bullet hits the gnoll but does no damage.
The gnoll is lightly wounded.
The gnoll hits you from afar with a +0 spear.
You die...

################
.......
#..............#
..>....
#.....###..:...#
#..... #.....#
#......# #.....
#.....# #......#
#.....
#.....###......#
#.....
#...............
#...g##.....###......#
#...B@..[...# #......#
###g####....# ########
.. #....# # ...
##.....# ... #.....#
.. #.....# . .....#
....#


You could see 2 gnolls and a giant cockroach.

Vanquished Creatures
  A scorpion (D:4)
  A hound (D:3)
  A sleepcap (D:4)
  An iguana (D:4)
  3 adders
  5 worms
  2 dart slugs
  6 orcs (D:3)
  3 ball pythons
  6 bats
  10 endoplasms
  3 giant cockroaches
  7 goblins
  6 hobgoblins
  2 jackals (D:3)
  7 kobolds
  3 quokkas
  4 frilled lizards
  9 rats
80 creatures vanquished.

Notes
Turn   | Place    | Note
-------+----------+-------------------------------------------
     0 | D:1      | qw the Gargoyle Hexslinger began the quest for the Orb.
     0 | D:1      | Reached XP level 1. HP: 12/12 MP: 2/2
     0 | D:1      | 0 ||| qw: Version: 0.3-a-51-g015441d
     0 | D:1      | 0 ||| qw: Game counter: 4216
     0 | D:1      | 0 ||| qw: Melee chars always use a shield: true
     0 | D:1      | 0 ||| qw: God list: Okawaru
     0 | D:1      | 0 ||| qw: Allow faded altars: false
     0 | D:1      | 0 ||| qw: Do Orc after clearing Dungeon:15 true
     0 | D:1      | 0 ||| qw: Do second Lair branch before Depths: true
     0 | D:1      | 0 ||| qw: Lair rune preference: random
     0 | D:1      | 0 ||| qw: Goals: Normal
     0 | D:1      | 0 ||| PLANNING D:1-11
   167 | D:1      | Reached XP level 2. HP: 16/16 MP: 3/3
   191 | D:1      | Reached skill level 3 in Ranged Weapons
   209 | D:1      | Found a faded altar of an unknown god.
   368 | D:1      | Found Kahaor's Vocational Training.
   463 | D:1      | Reached XP level 3. HP: 21/21 MP: 4/4
   642 | D:1      | 642 ||| UPGRADING to +0 ring mail.
   652 | D:1      | 652 ||| DROPPING +0 robe.
   653 | D:1      | 653 ||| READING 2 scrolls labelled LEIRUE ADICEOR.
   654 | D:1      | 654 ||| READING scroll of enchant weapon.
   654 | D:1      | 654 ||| ENCHANTING +2 sling.
   655 | D:1      | 655 ||| READING scroll labelled OMATENGOUDGH.
   656 | D:1      | 656 ||| READING scroll labelled ULUTWA WESIQ.
   657 | D:1      | 657 ||| DROPPING scroll of poison.
   730 | D:2      | Reached XP level 4. HP: 26/26 MP: 5/5
   838 | D:2      | Reached skill level 4 in Ranged Weapons
  1243 | D:2      | Reached skill level 1 in Armour
  1550 | D:2      | 1550 ||| DRINKING 2 silvery potions.
  1591 | D:2      | 1591 ||| DROPPING potion of lignification.
  1851 | D:3      | Reached XP level 5. HP: 26/30 MP: 6/6
  2028 | D:3      | Reached skill level 5 in Ranged Weapons
  2504 | D:3      | 2504 ||| READING scroll labelled NOHIBAN YFEK.
  2532 | D:4      | Found Efin Paug's Jewellery Shop.
  2532 | D:4      | Found Xogiptef's Magic Scroll Shop.
  2532 | D:4      | Found Faisif's Distillery.
  2534 | D:4      | 2534 ||| SHOPLISTING +4 ring of slaying (936 gold, have
                  | 76).
  2534 | D:4      | 2534 ||| SHOPLISTING +6 ring of dexterity (432 gold, have
                  | 76).
  2534 | D:4      | 2534 ||| SHOPLISTING amulet of faith (480 gold, have 76).
  2534 | D:4      | 2534 ||| SHOPLISTING ring of see invisible (180 gold, have
                  | 76).
  2687 | D:4      | 2687 ||| BUYING scroll of identify (24 gold).
  2687 | D:4      | Bought a scroll of identify for 24 gold pieces
  2744 | D:4      | Reached skill level 3 in Fighting
  2744 | D:4      | Reached XP level 6. HP: 26/38 MP: 7/7
  2809 | D:4      | HP: 9/38 [gnoll/+0 spear (2)]
  2811 | D:4      | HP: 4/38 [gnoll/+0 spear (4)]
  2812 | D:4      | Slain by a gnoll

Levels and vault maps discovered:
D:1:      tarquinn_simple_flora_water_b, layout_loops_cross,
          hellmonk_ecumenical_altar_slurped_away, nicolae_shop_vocational
D:2:      layout_basic
D:3:      layout_loops_corners, serial_aquarium, aquarium_bridge_square
          [aquarium_subvault_window, aquarium_subvault_bridge,
          aquarium_subvault_bridge, aquarium_subvault_wall], aquarium_window_1,
          aquarium_window_1, aquarium_window_fake, aquarium_view_2e,
          aquarium_pool_corner
D:4:      layout_basic, lemuel_round_altar, nicolae_shop_distant_corner_stores,
          nicolae_underground_beach

Skill      XL: |  1  2  3  4  5 |
---------------+----------------+-----
Ranged Weapons | 3 4 5 |  5.2
Fighting       | 2 3 |  3.8
Armour         | 1 |  1.0
Dodging        | |  1.5
Spellcasting   | |  1.0
Hexes          | |  2.6

Action                     |  1- 3 |  4- 6 || total
---------------------------+-------+-------++-------
   Fire: Sling             |    92 |   157 ||   249
    Use: Scroll            |     4 |     1 ||     5
         Potion            |       |     1 ||     1
 Armour: Robe              |     4 |       ||     4
         Ring mail         |     5 |    25 ||    30
  Dodge: Dodged            |    23 |    68 ||    91

Table legend:
 A = Non-vault XP
 B = Vault XP
 C = Vault XP percentage of total XP
 D = Non-vault monster count
 E = Vault monster count
 F = Vault count percentage of total count
                 A         B        C        D         E       F
            +---------+---------+-------+---------+---------+-------
      Total |     392 |       2 |   0.5 |      79 |       1 |   1.2
            +---------+---------+-------+---------+---------+-------
        D:1 |      51 |       2 |   3.8 |      28 |       1 |   3.4
        D:2 |      69 |       0 |   0.0 |      24 |       0 |   0.0
        D:3 |     106 |       0 |   0.0 |      22 |       0 |   0.0
        D:4 |     166 |       0 |   0.0 |       5 |       0 |   0.0
            +---------+---------+-------+---------+---------+-------
